AoeStats
← _Orca_

Nomad

508736622Analyzed
3v3 RM · 7d ago on Sep 23, 2026· 33m 47s· 6 players
Game mode
Random Map
Map size
210×210
Population
200
Speed
Normal
Resources
Standard
Victory
Conquest
Starting age
Dark Age
Ending age
Imperial Age
RankedLock teamsTeams togetherTeam positionsShared explorationLock speedFull tech treeHidden civsTurbo modeCheats
Victory
Defeat
🇸🇪 Japanese · Sweden
1393
+17
🇸🇪 Aztecs · Sweden
1349
+18
🇸🇪 Bulgarians · Sweden
1341
+19
🇳🇴 Tatars · Norway
1421
-19
🇧🇩 Turks · Bangladesh
1407
-18
🇦🇷 Vikings · Argentina
1386
-17
PIPO GOROSITO
4:03 Loom
13:12 Feudal Age
15:09 Fletching
15:12 Double-Bit Axe
16:08 Town Watch
21:45 Castle Age
22:38 Medium Warships
22:25 Bodkin Arrow
23:46 Ballistics
29:06 Town Patrol
29:26 Padded Archer Armor
31:11 Fishing Lines
ManWithScarf
4:12 Loom
4:39 Loom
14:26 Feudal Age
19:22 Castle Age
18:12 Double-Bit Axe
18:32 Town Watch
21:04 Medium Warships
21:01 Man-at-Arms
22:09 Forging
25:44 Bow Saw
27:05 Scale Barding Armor
31:01 Horse Collar
33:20 Fishing Lines
_Orca_
5:15 Loom
13:31 Feudal Age
17:51 Castle Age
22:43 Town Watch
den svarte mannen
5:06 Loom
14:19 Feudal Age
18:45 Castle Age
18:02 Fletching
28:37 Town Watch
32:53 Bodkin Arrow
33:12 Horse Collar
johg0001
4:33 Loom
13:31 Feudal Age
18:09 Castle Age
18:03 Scale Mail Armor
18:27 Man-at-Arms
18:38 Pikeman
18:44 Eagle Warrior
20:08 Double-Bit Axe
21:31 Town Watch
22:43 Chain Mail Armor
24:46 Arson
27:02 Forging
28:01 Squires
29:41 Pikeman
Den gröne mannen
10:16 Loom
12:46 Feudal Age
14:29 Fletching
15:09 Double-Bit Axe
20:03 Castle Age
19:16 Horse Collar
20:59 Bodkin Arrow
21:17 Bloodlines
25:38 Medium Warships
25:46 Husbandry
28:39 Padded Archer Armor
29:14 Thumb Ring
30:27 Ballistics
Connection lost

Rejoining the realm…

Still unreachable

The connection could not be restored.

Session expired

The server has moved on; the page needs a fresh start.